[ AOE2 MATCH · #506667357 ]
UnrankedJapanese vs Vietnamese
Player's team · WIN
Rival team · LOSS
[ REPLAY ANALYSIS · EXTRACTED FROM THE RECORDED GAME ]
Feudal
8:51
Castle
21:07
Imperial
35:59
| APM avg | 90.8 |
| APM peak | 167 |
| eAPM avg | 43.0 |
| Villagers / military | 103 / 57 |
Focus
⚔️ 48.3% · 🌾 51.7%
Skirmisher ×38 · Knight ×6 · Mangonel ×5 · Monk ×3 · Militia ×3 · Archer ×1
Feudal
10:41
Castle
21:47
Imperial
—
| APM avg | 85.1 |
| APM peak | 131 |
| eAPM avg | 41.5 |
| Villagers / military | 105 / 68 |
Focus
⚔️ 57.6% · 🌾 42.4%
Skirmisher ×49 · Archer ×11 · Militia ×4 · Monk ×2 · Fire Lancer ×2
Match map
Initial resources + every placement click. Lines = walls · curves = elevation contours. ◆ gold · ⬟ stone · ● berries · ✦ relic · ◌ wall gap
Your base· ✓ Closed at 21:07 · 15t walls · 1 gate(s)
RD | Kiko's base· Open — 5t gap
Smoothed initial terrain · ◌ = detected wall gap · hover for details
Inputs per minute
— wR.Lucho - - RD | Kiko
Build order — wR.Lucho
First 150 of 339 actions detected
| 0:00 | Create | Villager (Male) |
| 0:01 | Build | House |
| 0:02 | Build | House |
| 0:10 | Create | Villager (Male) |
| 0:10 | Create | Villager (Male) |
| 0:20 | Create | Villager (Male) |
| 0:20 | Create | Villager (Male) |
| 1:21 | Build | Mill |
| 1:23 | Create | Villager (Male) |
| 1:43 | Build | Mill |
| 2:03 | Create | Villager (Male) |
| 2:03 | Create | Villager (Male) |
| 2:22 | Create | Villager (Male) |
| 2:22 | Create | Villager (Male) |
| 2:49 | Build | Lumber Camp |
| 2:54 | Create | Villager (Male) |
| 3:16 | Create | Villager (Male) |
| 3:18 | Create | Villager (Male) |
| 3:53 | Build | House |
| 3:59 | Create | Villager (Male) |
| 4:32 | Create | Villager (Male) |
| 4:33 | Create | Villager (Male) |
| 5:22 | Create | Villager (Male) |
| 5:43 | Create | Villager (Male) |
| 6:15 | Research | Loom |
| 6:38 | Research | Feudal Age |
| 6:53 | Build | Barracks |
| 7:23 | Build | Mining Camp |
| 7:29 | Build | Palisade Wall |
| 7:32 | Build | Palisade Wall |
| 7:37 | Create | Villager (Male) |
| 7:39 | Build | Palisade Wall |
| 7:40 | Create | Militia |
| 7:54 | Build | House |
| 7:56 | Build | Palisade Wall |
| 7:58 | Build | Palisade Wall |
| 8:01 | Create | Militia |
| 8:25 | Create | Militia |
| 8:33 | Build | Palisade Wall |
| 8:51 | Age | Feudal Age |
| 8:54 | Research | Double-Bit Axe |
| 8:55 | Research | Man-at-Arms (upgrade) |
| 9:11 | Create | Villager (Male) |
| 9:12 | Build | House |
| 9:21 | Build | Farm |
| 9:35 | Create | Villager (Male) |
| 9:36 | Build | Farm |
| 9:50 | Build | Farm |
| 10:03 | Create | Villager (Male) |
| 10:10 | Build | Mill |
| 10:25 | Create | Villager (Male) |
| 10:35 | Build | House |
| 10:49 | Create | Villager (Male) |
| 10:57 | Build | Archery Range |
| 11:14 | Create | Villager (Male) |
| 11:15 | Build | Farm |
| 11:22 | Build | House |
| 11:23 | Build | Palisade Wall |
| 11:27 | Build | Farm |
| 11:40 | Create | Villager (Male) |
| 11:41 | Build | Farm |
| 11:58 | Build | House |
| 12:02 | Create | Archer |
| 12:04 | Create | Villager (Male) |
| 12:07 | Build | Farm |
| 12:18 | Build | Farm |
| 12:28 | Create | Villager (Male) |
| 12:30 | Create | Skirmisher |
| 12:48 | Build | House |
| 12:55 | Create | Skirmisher |
| 13:00 | Create | Villager (Male) |
| 13:06 | Create | Villager (Male) |
| 13:19 | Create | Skirmisher |
| 13:25 | Create | Villager (Male) |
| 13:27 | Build | Blacksmith |
| 13:33 | Build | Farm |
| 13:39 | Create | Skirmisher |
| 13:49 | Build | Farm |
| 13:54 | Create | Skirmisher |
| 14:11 | Research | Fletching |
| 14:13 | Build | House |
| 14:14 | Create | Villager (Male) |
| 14:16 | Build | House |
| 14:16 | Build | Palisade Wall |
| 14:20 | Build | Farm |
| 14:21 | Create | Skirmisher |
| 14:35 | Build | Palisade Gate |
| 14:42 | Create | Villager (Male) |
| 14:43 | Create | Skirmisher |
| 14:48 | Build | Farm |
| 14:59 | Create | Villager (Male) |
| 15:03 | Create | Skirmisher |
| 15:09 | Build | Farm |
| 15:28 | Research | Padded Archer Armor |
| 15:30 | Create | Skirmisher |
| 15:31 | Create | Villager (Male) |
| 15:40 | Create | Villager (Male) |
| 15:42 | Build | Lumber Camp |
| 15:48 | Create | Skirmisher |
| 16:01 | Create | Skirmisher |
| 16:07 | Create | Villager (Male) |
| 16:15 | Create | Villager (Male) |
| 16:17 | Build | Farm |
| 16:18 | Build | Farm |
| 16:36 | Build | Farm |
| 16:38 | Build | Farm |
| 17:08 | Create | Villager (Male) |
| 17:09 | Build | Farm |
| 17:22 | Create | Villager (Male) |
| 17:23 | Build | House |
| 17:23 | Build | House |
| 17:24 | Build | House |
| 17:25 | Build | House |
| 17:26 | Build | House |
| 17:30 | Build | House |
| 17:31 | Build | House |
| 17:34 | Build | Farm |
| 17:34 | Build | Farm |
| 18:01 | Create | Villager (Male) |
| 18:15 | Build | House |
| 18:21 | Research | Castle Age |
| 18:26 | Research | Horse Collar |
| 18:26 | Research | Horse Collar |
| 18:37 | Build | House |
| 18:40 | Build | House |
| 18:41 | Build | House |
| 18:43 | Create | Skirmisher |
| 18:50 | Research | Gold Mining |
| 19:00 | Build | Farm |
| 19:07 | Create | Skirmisher |
| 19:08 | Build | Farm |
| 19:09 | Build | Farm |
| 19:18 | Research | Scale Barding Armor |
| 19:25 | Create | Skirmisher |
| 19:29 | Build | Stable |
| 19:51 | Create | Skirmisher |
| 19:54 | Create | Skirmisher |
| 20:12 | Build | Farm |
| 20:27 | Research | Bloodlines |
| 20:32 | Create | Skirmisher |
| 20:42 | Create | Skirmisher |
| 20:55 | Create | Skirmisher |
| 20:57 | Create | Villager (Male) |
| 20:58 | Build | Farm |
| 20:59 | Build | Farm |
| 21:07 | Age | Castle Age |
| 21:13 | Research | Elite Skirmisher (upgrade) |
| 21:14 | Research | Bodkin Arrow |
| 21:27 | Create | Villager (Male) |
| 21:30 | Research | Bow Saw |
Build order — RD | Kiko
First 150 of 315 actions detected
| 0:01 | Create | Villager (Male) |
| 0:01 | Create | Villager (Male) |
| 0:01 | Create | Villager (Male) |
| 0:02 | Create | Villager (Male) |
| 0:02 | Create | Villager (Male) |
| 0:03 | Build | House |
| 0:06 | Build | House |
| 1:26 | Create | Villager (Male) |
| 2:03 | Create | Villager (Male) |
| 2:23 | Create | Villager (Male) |
| 2:23 | Create | Villager (Male) |
| 2:25 | Build | Lumber Camp |
| 2:47 | Create | Villager (Male) |
| 2:47 | Create | Villager (Male) |
| 3:16 | Create | Villager (Male) |
| 3:16 | Create | Villager (Male) |
| 3:16 | Create | Villager (Male) |
| 3:45 | Create | Villager (Male) |
| 3:50 | Build | House |
| 3:55 | Create | Villager (Male) |
| 3:56 | Create | Villager (Male) |
| 4:10 | Create | Villager (Male) |
| 4:10 | Create | Villager (Male) |
| 4:43 | Create | Villager (Male) |
| 4:47 | Create | Villager (Male) |
| 4:57 | Build | Barracks |
| 5:29 | Build | House |
| 5:36 | Build | Palisade Wall |
| 5:40 | Create | Villager (Male) |
| 5:41 | Create | Villager (Male) |
| 5:41 | Create | Villager (Male) |
| 5:51 | Create | Militia |
| 5:51 | Create | Militia |
| 5:58 | Create | Militia |
| 6:02 | Build | House |
| 6:11 | Create | Villager (Male) |
| 6:16 | Create | Militia |
| 6:53 | Build | Mill |
| 6:55 | Create | Villager (Male) |
| 6:55 | Create | Villager (Male) |
| 7:55 | Research | Loom |
| 8:31 | Research | Feudal Age |
| 9:08 | Build | Mining Camp |
| 9:15 | Build | Lumber Camp |
| 9:25 | Build | House |
| 9:36 | Create | Villager (Male) |
| 9:53 | Build | Palisade Wall |
| 9:56 | Build | Palisade Wall |
| 10:00 | Create | Villager (Male) |
| 10:07 | Build | Palisade Wall |
| 10:22 | Create | Villager (Male) |
| 10:30 | Build | Palisade Wall |
| 10:31 | Build | Palisade Wall |
| 10:33 | Build | Palisade Wall |
| 10:34 | Build | Palisade Wall |
| 10:37 | Build | Palisade Wall |
| 10:38 | Build | Palisade Wall |
| 10:41 | Age | Feudal Age |
| 10:43 | Build | Archery Range |
| 10:46 | Build | Palisade Wall |
| 10:47 | Research | Double-Bit Axe |
| 10:48 | Research | Double-Bit Axe |
| 10:49 | Research | Horse Collar |
| 11:13 | Build | Farm |
| 11:22 | Create | Villager (Male) |
| 11:25 | Build | Farm |
| 11:29 | Create | Archer |
| 11:38 | Create | Archer |
| 11:42 | Build | Farm |
| 11:52 | Create | Villager (Male) |
| 12:01 | Build | Farm |
| 12:21 | Create | Villager (Male) |
| 12:23 | Create | Archer |
| 12:31 | Build | Farm |
| 12:31 | Create | Villager (Male) |
| 12:55 | Build | Farm |
| 12:55 | Create | Villager (Male) |
| 12:57 | Create | Archer |
| 13:12 | Create | Villager (Male) |
| 13:19 | Create | Archer |
| 13:27 | Build | Farm |
| 13:30 | Build | House |
| 13:31 | Build | House |
| 13:42 | Build | Farm |
| 13:42 | Create | Villager (Male) |
| 13:46 | Create | Archer |
| 13:57 | Build | House |
| 13:58 | Create | Villager (Male) |
| 14:11 | Build | Blacksmith |
| 14:24 | Create | Archer |
| 14:24 | Create | Archer |
| 14:25 | Create | Villager (Male) |
| 14:33 | Build | Farm |
| 14:51 | Research | Fletching |
| 14:54 | Create | Villager (Male) |
| 14:56 | Build | House |
| 15:03 | Create | Archer |
| 15:08 | Create | Villager (Male) |
| 15:10 | Build | Farm |
| 15:11 | Build | Farm |
| 15:36 | Build | Farm |
| 15:43 | Build | Farm |
| 15:44 | Create | Villager (Male) |
| 15:46 | Create | Archer |
| 16:08 | Create | Villager (Male) |
| 16:08 | Create | Villager (Male) |
| 16:18 | Build | Watch Tower |
| 16:24 | Create | Archer |
| 16:29 | Build | Palisade Wall |
| 16:30 | Create | Villager (Male) |
| 16:43 | Build | Farm |
| 17:16 | Build | House |
| 17:23 | Create | Skirmisher |
| 17:23 | Create | Skirmisher |
| 17:24 | Create | Villager (Male) |
| 17:28 | Build | House |
| 17:30 | Build | Stone Wall |
| 17:31 | Build | Stone Wall |
| 17:37 | Create | Villager (Male) |
| 17:43 | Build | Farm |
| 17:49 | Build | Archery Range |
| 17:58 | Create | Villager (Male) |
| 18:02 | Build | House |
| 18:03 | Build | House |
| 18:19 | Build | Farm |
| 18:21 | Build | Farm |
| 18:29 | Build | Farm |
| 18:34 | Build | Farm |
| 18:45 | Build | Farm |
| 19:07 | Research | Castle Age |
| 19:08 | Research | Castle Age |
| 19:10 | Build | House |
| 19:11 | Build | House |
| 19:12 | Build | House |
| 19:16 | Build | House |
| 19:18 | Create | Skirmisher |
| 19:19 | Create | Skirmisher |
| 19:31 | Create | Skirmisher |
| 19:31 | Create | Skirmisher |
| 19:38 | Build | House |
| 19:41 | Build | House |
| 19:45 | Create | Skirmisher |
| 19:45 | Create | Skirmisher |
| 20:01 | Create | Skirmisher |
| 20:05 | Build | Market |
| 20:15 | Create | Skirmisher |
| 20:23 | Create | Skirmisher |
| 20:42 | Research | Gold Mining |
| 20:42 | Research | Gold Mining |
| 20:55 | Create | Skirmisher |
Match timeline
| 4:57 | RD | Kiko · first_building Barracks |
| 5:36 | RD | Kiko · wall_segment Palisade Wall x3 |
| 6:53 | wR.Lucho · first_building Barracks |
| 7:29 | wR.Lucho · wall_segment Palisade Wall x1 |
| 7:32 | wR.Lucho · wall_segment Palisade Wall x1 |
| 7:39 | wR.Lucho · wall_segment Palisade Wall x2 |
| 7:56 | wR.Lucho · wall_segment Palisade Wall x1 |
| 7:58 | wR.Lucho · wall_segment Palisade Wall x7 |
| 8:33 | wR.Lucho · wall_segment Palisade Wall x1 |
| 8:51 | wR.Lucho · age_up feudal |
| 9:53 | RD | Kiko · wall_segment Palisade Wall x8 |
| 9:56 | RD | Kiko · wall_segment Palisade Wall x1 |
| 10:07 | RD | Kiko · wall_segment Palisade Wall x10 |
| 10:30 | RD | Kiko · wall_segment Palisade Wall x1 |
| 10:31 | RD | Kiko · wall_segment Palisade Wall x1 |
| 10:33 | RD | Kiko · wall_segment Palisade Wall x1 |
| 10:34 | RD | Kiko · wall_segment Palisade Wall x1 |
| 10:37 | RD | Kiko · wall_segment Palisade Wall x1 |
| 10:38 | RD | Kiko · wall_segment Palisade Wall x1 |
| 10:41 | RD | Kiko · age_up feudal |
| 10:43 | RD | Kiko · first_building Archery Range |
| 10:46 | RD | Kiko · wall_segment Palisade Wall x1 |
| 10:57 | wR.Lucho · first_building Archery Range |
| 11:23 | wR.Lucho · wall_segment Palisade Wall x1 |
| 14:16 | wR.Lucho · wall_segment Palisade Wall x1 |
| 16:29 | RD | Kiko · wall_segment Palisade Wall x1 |
| 17:30 | RD | Kiko · wall_segment Stone Wall x1 |
| 17:31 | RD | Kiko · wall_segment Stone Wall x1 |
| 19:29 | wR.Lucho · first_building Stable |
| 21:07 | wR.Lucho · age_up castle |
| 21:47 | RD | Kiko · age_up castle |
| 23:00 | wR.Lucho · first_building Siege Workshop |
| 23:28 | RD | Kiko · first_building Monastery |
| 24:36 | wR.Lucho · first_building Monastery |
| 26:10 | RD | Kiko · first_market_buy 100 stone |
| 29:37 | RD | Kiko · wall_segment Palisade Wall x1 |
| 29:40 | RD | Kiko · wall_segment Palisade Wall x1 |
| 29:41 | RD | Kiko · wall_segment Palisade Wall x1 |
| 29:42 | RD | Kiko · wall_segment Palisade Wall x1 |
| 29:53 | RD | Kiko · wall_segment Palisade Wall x1 |
| 32:31 | RD | Kiko · first_market_sell 500 wood |
| 33:41 | wR.Lucho · first_building Castle |
| 35:59 | wR.Lucho · age_up imperial |
| 36:06 | RD | Kiko · resign |
[ AI ANALYSIS · 1 CREDIT ]
What really happened in this match?
Wolo.gg analyzes every decision: build order, eco, micro, common mistakes by bracket. Personalized analysis on WhatsApp or Discord in 30 seconds.
Civ guide
Japanese
Perfil
Jugador #9423131